 Dungeon Sprint DCSS version 0.28-a0-1510-gd0f6b136d3 (webtiles) character file.

Game seed: 11274097737770551272

20644 mhtbhm the Fencer (level 12, -6/128 HPs)
             Began as a Minotaur Fighter on Jan 15, 2022.
             Was the Champion of Okawaru.
             Killed from afar by a lich (48 damage)
             ... with a bolt of cold
             ... in the Dungeon (Sprint IX: "|||||||||||||||||||||||||||||").
             The game lasted 00:06:32 (3410 turns).

mhtbhm the Fencer (Minotaur Fighter)                Turns: 3410, Time: 00:06:33

Health: -6/128     AC: 33    Str: 29    XL:     12   Next: 47%
Magic:  21/21      EV: 10    Int:  5    God:    Okawaru [******]
Gold:   1135       SH:  7    Dex: 10    Spells: 11/11 levels left

rFire   + . .      SeeInvis .   a - +2 scimitar of mhtbhm's Peril {protect, Fly rF+ rN+}
rCold   . . .      Faith    .   c - +0 buckler
rNeg    + . .      Spirit   .   b - +2 plate armour
rPois   .          Reflect  .   (helmet restricted)
rElec   .          Harm     .   (no cloak)
rCorr   +          Rampage  +   v - +2 pair of gloves {Stlth+}
Will    .....      NoTele   +   E - +2 pair of boots {rampage}
Stlth   ..........              (no amulet)
HPRegen 0.31/turn               x - ring of resist corrosion
MPRegen 0.17/turn               p - +3 ring of strength

@: flayed, under a protective aura, flying
A: horns 2, retaliatory headbutt
a: Renounce Religion, Heroism, Finesse


You were in the Dungeon.
You worshipped Okawaru.
Okawaru was exalted by your worship.
You visited 1 branch You collected 1919 gold pieces.
You spent 784 gold pieces at shops.

Inventory:

Hand Weapons
 a - the +2 scimitar of mhtbhm's Peril (weapon) {protect, Fly rF+ rN+}
   (You found it in the Dungeon)

   It grants its wielder temporary protection when it strikes (+7 to AC).
   rF:        It protects you from fire.
   rN:        It protects you from negative energy.
   Fly:       It grants you flight.
 C - the +10 morningstar "Guemaus" {elec, Int+6 Dex+4}
   (You found it in the Dungeon)

   It occasionally discharges a powerful burst of electricity upon striking a
   foe.
   Int:       It affects your intelligence (+6).
   Dex:       It affects your dexterity (+4).
Missiles
 B - 6 datura-tipped darts (quivered)
Armour
 b - a +2 plate armour (worn)
 c - a +0 buckler (worn)
 v - a +2 pair of gloves of stealth (worn)
 E - a +2 pair of boots of rampaging (worn)
Jewellery
 o - a ring of protection from fire
 p - a +3 ring of strength (right hand)
 x - a ring of resist corrosion (left hand)
 D - a ring of protection from fire
Wands
 m - a wand of acid (10)
Scrolls
 j - 3 scrolls of blinking
 l - 2 scrolls of amnesia
 q - 2 scrolls of fear
 s - 4 scrolls of identify
 t - 9 scrolls of enchant armour
 u - a scroll of fog
 w - a scroll of enchant weapon
 y - a scroll of brand weapon
 z - a scroll of magic mapping
Potions
 d - a potion of might
 e - 10 potions of curing
 f - 8 potions of heal wounds
 g - a potion of haste
 h - 4 potions of magic
 i - a potion of berserk rage
 k - a potion of invisibility
 n - a potion of brilliance
 r - a potion of mutation
 A - a potion of flight


   Skills:
 + Level 18.5 Fighting
 + Level 18.7 Long Blades
 + Level 16.0 Armour
 + Level 8.0 Dodging
 + Level 14.9 Shields
 * Level 14.6 Invocations
 + Level 4.5 Evocations


You had 11 spell levels left.
You didn't know any spells.
Your spell library was empty.

Dungeon Overview and Level Annotations

Branches:
Dungeon (1/1)

Altars:
Cheibriados
Dithmenos
Elyvilon
Fedhas
Gozag
Hepliaklqana
Kikubaaqudgha
Makhleb
Nemelex Xobeh
Okawaru
Qazlal
Ru
Sif Muna
Trog
Uskayaw
Vehumet
Wu Jian
Xom
Yredelemnul
Zin
The Shining One
Beogh
Jiyva
Lugonu

Shops:
D *(:*


Innate Abilities, Weirdness & Mutations

You have a pair of horns on your head.
You reflexively headbutt those who attack you in melee.


Message History

Unknown command.
Something unexpectedly blocked you, preventing you from rampaging!
You slash something! You headbutt something.
Something hits you but does no damage. Something bites you but does no damage.
Unknown command.
Something unexpectedly blocked you, preventing you from rampaging!
You slash something! Something draws life force from you.
Unknown command.
Something unexpectedly blocked you, preventing you from rampaging!
You slash something! Okawaru accepts your kill.
Reactivating autopickup.
You feel a bit more experienced.
Your Dodging skill increases to level 8!
Unknown command.
Something unexpectedly blocked you, preventing you from rampaging!
Deactivating autopickup; reactivate with Ctrl-A.
You hit something but do no damage.
Something unexpectedly blocked you, preventing you from rampaging!
You slice something!! You headbutt something!
You hear some strange, mumbled words.
A bolt of cold appears from out of thin air!
The bolt of cold hits you!!
Unknown command.
Something unexpectedly blocked you, preventing you from rampaging!
You hit something but do no damage.
The flayed ghost stares at you with tortured malice.
Terrible wounds spread across more of your body!
You block something's attack.
Unknown command.
Something unexpectedly blocked you, preventing you from rampaging!
You closely miss something.
Something unexpectedly blocked you, preventing you from rampaging!
You slice something!!
The flayed ghost stares at you with tortured malice.
Terrible wounds spread across more of your body!
You hear some strange, mumbled words.
A bolt of cold appears from out of thin air!
The bolt of cold hits you!!!
You die...

▓.▓.▓[▓.▓.▓.▓
▓)▓.▓[▓.▓.▓.▓
▓'▓.▓[▓.▓'▓.▓+▓
▓)▓.▓[▓.▓.▓.▓.▓
▓.▓.▓.▓.▓.▓.▓.▓
▓.▓.▓.▓.▓.▓.▓.▓
▓.▓.▓'▓.▓.▓.▓W▓
▓.▓.▓.▓.▓.▓.▓{▓
▓.▓.▓[▓.▓∩▓.▓@▓
▓)▓.▓.▓.▓)▓.▓.▓
▓.▓.▓.▓.▓∩▓.▓.▓
▓.▓.▓.▓.▓)▓.▓.▓
▓[▓.▓.▓.▓∩▓.▓.▓
▓[▓.▓.▓.▓.▓.▓.▓
▓.▓.▓.▓.▓∩▓.▓.▓
▓.▓.▓.▓.▓.▓.▓.▓
▓)▓.▓.▓.▓.▓.▓.▓


You could see a flayed ghost.

Vanquished Creatures
  A fire giant (D)
  A stone giant (D)
  An ettin (D)
  A hydra (D)
  4 ogre magi (D)
  3 two-headed ogres (D)
  2 centaur warriors (D)
  A deep troll earth mage (D)
  A vampire mage (D)
  A skeletal warrior (D)
  An orc knight (D)
  2 manticores (D)
  9 elephants (D)
  3 cane toads (D)
  An efreet (D)
  A tengu conjurer (D)
  A komodo dragon (D)
  A troll (D)
  3 polar bears (D)
  A meliai (shapeshifter) (D)
  A blink frog (D)
  A slime creature (D)
  A vampire (D)
  3 yaks (D)
  3 basilisks (D)
  2 vampire mosquitoes (D)
  A water moccasin (D)
  10 orc warriors (D)
  7 ogres (D)
  A centaur (D)
  5 bullfrogs (D)
  A killer bee (D)
  5 orc priests (D)
  6 orc wizards (D)
  An adder (D)
  An adder zombie (D)
  3 orcs (D)
  A ball python (D)
  A bat zombie (D)
  A goblin (D)
  A hobgoblin (D)
  2 bats (D)
  2 giant cockroach zombies (D)
99 creatures vanquished.

Notes
Turn   | Place    | Note
-------+----------+-------------------------------------------
     0 | D        | mhtbhm the Minotaur Fighter began the quest for the Orb.
     0 | D        | Reached XP level 1. HP: 19/19 MP: 0/0
    42 | D        | Reached XP level 2. HP: 11/28 MP: 1/1
    44 | D        | Reached skill level 5 in Armour
    48 | D        | Reached skill level 5 in Shields
    59 | D        | Found a snail-covered altar of Cheibriados.
    59 | D        | Found a shadowy altar of Dithmenos.
    59 | D        | Found a white marble altar of Elyvilon.
    59 | D        | Found a blossoming altar of Fedhas.
    59 | D        | Found an opulent altar of Gozag.
    60 | D        | Found a hazy altar of Hepliaklqana.
    61 | D        | Found a viscous altar of Jiyva.
    62 | D        | Found an ancient bone altar of Kikubaaqudgha.
    63 | D        | Found a corrupted altar of Lugonu.
    64 | D        | Found a burning altar of Makhleb.
    65 | D        | Found a sparkling altar of Nemelex Xobeh.
    66 | D        | Found an iron altar of Okawaru.
    67 | D        | Found a stormy altar of Qazlal.
    68 | D        | Found a sacrificial altar of Ru.
    69 | D        | Found a shimmering blue altar of Sif Muna.
    70 | D        | Found a bloodstained altar of Trog.
    71 | D        | Found a hide-covered altar of Uskayaw.
    72 | D        | Found a radiant altar of Vehumet.
    73 | D        | Found an ornate altar of the Wu Jian Council.
    74 | D        | Found a shimmering altar of Xom.
    75 | D        | Found a basalt altar of Yredelemnul.
    76 | D        | Found a glowing silver altar of Zin.
    94 | D        | Became a worshipper of Warmaster Okawaru
    98 | D        | Found a glowing golden altar of the Shining One.
   289 | D        | Got the +2 scimitar of mhtbhm's Peril {protect, Fly rF+
                  | rN+}
   317 | D        | Noticed a vampire mosquito
   317 | D        | Noticed a yak
   317 | D        | Noticed a troll
   317 | D        | Noticed a vampire
   317 | D        | Noticed a killer bee
   317 | D        | Noticed a centaur
   321 | D        | Killed a centaur
   321 | D        | Reached * piety under Okawaru
   321 | D        | Killed a killer bee
   322 | D        | Reached skill level 5 in Long Blades
   322 | D        | Reached skill level 1 in Dodging
   322 | D        | Reached XP level 3. HP: 24/38 MP: 1/4
   322 | D        | Reached XP level 4. HP: 28/45 MP: 1/5
   322 | D        | Reached XP level 5. HP: 32/51 MP: 1/6
   323 | D        | Killed a vampire
   324 | D        | Reached XP level 6. HP: 39/61 MP: 1/8
   326 | D        | Killed a troll
   326 | D        | Reached ** piety under Okawaru
   327 | D        | Reached skill level 5 in Invocations
   327 | D        | Reached skill level 1 in Evocations
   327 | D        | Reached XP level 7. HP: 41/69 MP: 1/10
   328 | D        | Killed a yak
   334 | D        | Killed a vampire mosquito
   335 | D        | Reached skill level 10 in Armour
   516 | D        | Noticed a manticore
   516 | D        | Noticed a skeletal warrior
   516 | D        | Noticed a manticore
   516 | D        | Noticed a vampire mosquito
   516 | D        | Noticed a two-headed ogre
   516 | D        | Noticed a slime creature
   521 | D        | Killed a two-headed ogre
   521 | D        | Reached *** piety under Okawaru
   521 | D        | Killed a vampire mosquito
   521 | D        | Killed a manticore
   521 | D        | Reached **** piety under Okawaru
   521 | D        | Reached ***** piety under Okawaru
   522 | D        | Reached skill level 10 in Long Blades
   522 | D        | Reached skill level 10 in Shields
   522 | D        | Reached XP level 8. HP: 17/82 MP: 11/13
   523 | D        | Killed a slime creature
   524 | D        | Reached XP level 9. HP: 23/89 MP: 11/14
   528 | D        | Killed a skeletal warrior
   762 | D        | Killed a manticore
   896 | D        | Noticed a komodo dragon
   899 | D        | Noticed a cane toad
   907 | D        | Killed a komodo dragon
   907 | D        | Noticed a polar bear
   924 | D        | Reached skill level 10 in Invocations
   927 | D        | Killed a cane toad
   928 | D        | Reached XP level 10. HP: 11/99 MP: 16/16
   931 | D        | Reached ****** piety under Okawaru
  1264 | D        | Noticed a cane toad
  1264 | D        | Noticed a cane toad
  1270 | D        | Killed a cane toad
  1275 | D        | Killed a cane toad
  1297 | D        | Received a gift from Okawaru
  1624 | D        | Noticed an elephant
  1633 | D        | Reached skill level 5 in Dodging
  1646 | D        | Killed an elephant
  1728 | D        | Noticed an elephant
  1728 | D        | Noticed an elephant
  1728 | D        | Noticed an elephant
  1728 | D        | Noticed an elephant
  1728 | D        | Noticed an elephant
  1728 | D        | Noticed an elephant
  1729 | D        | Noticed an elephant
  1733 | D        | Killed an elephant
  1734 | D        | Noticed an elephant
  1741 | D        | Killed an elephant
  1746 | D        | Killed an elephant
  1755 | D        | Killed an elephant
  1756 | D        | Reached skill level 15 in Long Blades
  1763 | D        | Killed an elephant
  1768 | D        | Killed an elephant
  1769 | D        | Reached XP level 11. HP: 79/111 MP: 18/18
  1774 | D        | Received a gift from Okawaru
  2243 | D        | Reached skill level 15 in Fighting
  2243 | D        | Noticed an orc knight
  2293 | D        | Killed an orc knight
  2437 | D        | Found Loalo's General Store.
  2437 | D        | Noticed a two-headed ogre
  2437 | D        | Noticed an ogre mage
  2438 | D        | Noticed an ogre mage
  2440 | D        | Killed an ogre mage
  2441 | D        | Noticed an ogre mage
  2447 | D        | Killed a two-headed ogre
  2448 | D        | Found Coixzyetaj's Book Shop.
  2461 | D        | Paralysed by something for 2 turns
  2464 | D        | Killed an ogre mage
  2470 | D        | Killed an ogre mage
  2478 | D        | Found Istrofim's Weapon Boutique.
  2659 | D        | Found Uduutic's Assorted Antiques.
  2661 | D        | Noticed an ogre mage
  2661 | D        | Noticed a two-headed ogre
  2663 | D        | Paralysed by an ogre mage for 7 turns
  2675 | D        | Killed an ogre mage
  2676 | D        | Reached skill level 15 in Armour
  2678 | D        | Killed a two-headed ogre
  2736 | D        | Bought a scroll of fear for 45 gold pieces
  2736 | D        | Bought a potion of curing for 39 gold pieces
  2736 | D        | Bought a scroll of magic mapping for 45 gold pieces
  2742 | D        | Bought a potion of heal wounds for 110 gold pieces
  2742 | D        | Bought a scroll of enchant armour for 165 gold pieces
  2742 | D        | Bought a scroll of identify for 44 gold pieces
  2742 | D        | Bought a scroll of identify for 44 gold pieces
  2742 | D        | Bought a potion of curing for 66 gold pieces
  2742 | D        | Bought a sedimented green potion for 19 gold pieces
  2742 | D        | Bought a wand of acid (8) for 176 gold pieces
  2748 | D        | Bought 6 datura-tipped darts for 31 gold pieces
  2872 | D        | Got the +10 morningstar "Guemaus" {elec, Int+6 Dex+4}
  2992 | D        | Noticed a centaur warrior
  2992 | D        | Noticed a five-headed hydra
  2998 | D        | Noticed a fire crab
  2998 | D        | a yak changed into a fire crab
  3001 | D        | Killed a nine-headed hydra
  3002 | D        | Reached XP level 12. HP: 107/125 MP: 21/21
  3002 | D        | Noticed a centaur warrior
  3069 | D        | Noticed an ettin
  3070 | D        | Killed a centaur warrior
  3075 | D        | Noticed a stone giant
  3080 | D        | Noticed a fire giant
  3092 | D        | Killed a centaur warrior
  3092 | D        | Received a gift from Okawaru
  3097 | D        | Noticed a deep troll earth mage
  3103 | D        | Killed an ettin
  3111 | D        | Killed a stone giant
  3117 | D        | Killed a fire giant
  3123 | D        | Killed a deep troll earth mage
  3396 | D        | Noticed a vampire mage
  3397 | D        | Noticed a lich
  3405 | D        | Killed a vampire mage
  3410 | D        | Killed from afar by a lich

Illustrated notes

Levels and vault maps discovered:
D:        linesprint [early_d, line_temple, items_1, d_10, items_2, lair_1,
          lair_end, items_3, orc_1, orc_end, items_4, d_15, swamp_1, shoals_1,
          snake_1, spider_1, d_20, vaults_1, items_5, swamp_end, shoals_end,
          snake_end, spider_end, vaults_end, d_27, items_6, zot_1, zot_end,
          crypt_end, forest_end, elf_end, slime_end, tomb_end, abyss_end,
          pan_hell_end]

Skill      XL: |  1  2  3  4  5  6  7  8  9 10 11 12 |
---------------+-------------------------------------+-----
Fighting       | 4 6 7 8 11 12 14 17 18 | 18.5
Armour         | 4 7 8 9 12 13 14 15 16 | 16.0
Shields        | 4 6 7 8 10 11 12 14 | 14.9
Long Blades    | 3 5 6 7 10 12 15 17 18 | 18.7
Dodging        | 1 2 3 4 5 7 8 |  8.0
Invocations    | 3 4 5 8 10 11 13 14 | 14.6
Evocations     | 1 2 3 4 |  4.5

Action                   |  1- 3 |  4- 6 |  7- 9 | 10-12 || total
-------------------------+-------+-------+-------+-------++-------
Melee: Long sword        |    26 |       |       |       ||    26
       Headbutt          |     3 |     1 |     9 |    84 ||    97
       Scimitar          |       |     3 |    46 |   330 ||   379
Evoke: Wand              |     2 |     1 |     5 |       ||     8
  Use: Potion            |       |       |     2 |     1 ||     3
       Scroll            |       |       |       |     1 ||     1
Armor: Scale mail        |    16 |     1 |    17 |    94 ||   128
       Plate armour      |       |       |       |    48 ||    48
Dodge: Dodged            |    15 |     2 |    12 |    91 ||   120
Block: Buckler           |     4 |     2 |    10 |    70 ||    86

Table legend: (Time is in decaauts)
 A = Elapsed time spent in this place.
 B = Non-inter-level travel time spent in this place.
 C = Inter-level travel time spent in this place.
 D = Time resting spent in this place.
 E = Time spent auto-exploring this place.
 F = Levels seen in this place.
 G = Mean time per level.
                   A        B        C        D        E       F      G
               +--------+--------+--------+--------+--------+-----+--------+
         Total |   3323 |   3323 |      0 |   1939 |    336 |   1 | 3323.0 |
       Dungeon |   3323 |   3323 |      0 |   1939 |    336 |   1 | 3323.0 |
               +--------+--------+--------+--------+--------+-----+--------+

Top non-repeatable levels by time:
       D: 3323 daAuts
